Map: Prion Terraces

Players

xKawaiian - Winner!

  • Race: Terran Terran
  • League: Master

NYK

  • Race: Zerg Zerg
  • League: Master

VOD

Have the link to the VOD?

Description

Time

  • Played on: Jan. 10, 2016, 5:31 p.m.
  • Length: 10:53
Show
View Real Time Build Order
Export as new Build Order

xKawaiian Terran - Winner!

Build Orders: Reaper Expand, MMM Bio 

Get SALT Encoding   

  12  0:00  SCV  
  13  0:13  SCV  
  14  0:17  Supply Depot  
  14  0:25  SCV  
  15  0:39  SCV  
  15  0:41  Barracks  
  16  0:46  Refinery  
  16  0:51  SCV  
  17  1:03  SCV  
  18  1:15  SCV  
  19  1:27  Orbital Command  
  19  1:30  Reaper  
  20  1:39  Command Center  
  20  1:48  Supply Depot  
  20  1:53  SCV  
  21  2:02  Barracks Reactor  
  21  2:05  SCV  
  21  2:07  Barracks  
  22  2:13  Barracks  
  22  2:17  SCV  
  23  2:29  SCV  
  24  2:40  Marine x2  
  24  2:41  SCV  
  27  2:53  SCV, Orbital Command  
  27  2:56  Barracks Tech Lab  
  27  2:58  Marine  
  29  3:00  Factory  
  29  3:01  Refinery, Marine  
  29  3:03  Marine  
  31  3:06  SCV  
  32  3:15  Marine  
  32  3:17  Stimpack  
  32  3:18  SCV  
  32  3:19  SCV, Marine  
  36  3:20  Marine  
  37  3:27  Marine  
  37  3:30  SCV  
  37  3:31  SCV  
  37  3:33  Marine  
  41  3:37  Supply Depot  
  41  3:42  SCV  
  41  3:45  Starport  
  41  3:46  Factory Reactor, Marine x2  
  41  3:48  SCV  
  45  3:53  Supply Depot  
  45  3:54  SCV  
  46  3:58  Marine  
  46  4:06  Marine  
  46  4:07  Marine x2  
  46  4:09  SCV x2  
  49  4:16  Marine  
  50  4:18  Supply Depot  
  50  4:21  SCV x2  
  52  4:24  Marine  
  52  4:25  Marine x2  
  52  4:28  Medivac  
  52  4:29  Medivac  
  59  4:33  SCV x2  
  61  4:38  Factory Reactor  
  61  4:40  Supply Depot  
  61  4:42  Supply Depot, Marine  
  61  4:45  SCV x2  
  66  4:46  Marauder  
  66  4:52  Barracks Reactor  
  66  4:57  SCV x2  
  68  5:04  Supply Depot  
  68  5:09  SCV  
  68  5:11  Refinery  
  68  5:12  Command Center, Refinery  
  68  5:13  SCV, Marine  
  71  5:17  Marine x2  
  73  5:21  SCV  
  73  5:24  Combat Shields  
  73  5:25  SCV  
  75  5:31  Marine  
  75  5:33  SCV  
  75  5:35  Marauder  
  79  5:37  SCV, Barracks  
  79  5:40  Marine x3  
  82  5:49  Marine, Widow Mine x2  
  86  5:50  Medivac  
  86  5:51  SCV  
  89  6:00  Marine  
  89  6:01  Marine x3  
  89  6:03  SCV  
  94  6:04  Barracks  
  94  6:15  Supply Depot  
  94  6:17  Supply Depot  
  94  6:23  SCV, Marine  
  94  6:24  Medivac x2  
  94  6:25  Barracks Reactor, Orbital Command  
  100  6:35  Widow Mine  
  100  6:38  Engineering Bay, Marine x2  
  104  6:40  Engineering Bay  
  104  6:45  Marine x3  
  107  6:48  Orbital Command  
  107  6:50  Marine  
  107  6:56  Marine x2, Medivac x2  
  107  7:00  SCV  
  114  7:03  Marine  
  114  7:05  Marine x2  
  117  7:09  Marine x2  
  117  7:11  Terran Infantry Weapons Level 1, Terran Infantry Armor Level 1  
  107  7:18  Marine x2  
  107  7:19  Marauder  
  110  7:24  Widow Mine, Marine  
  110  7:26  Marine  
  110  7:28  SCV  
  110  7:29  SCV  
  112  7:35  Barracks Reactor  
  110  7:38  SCV  
  110  7:40  SCV, Marauder  
  110  7:43  Supply Depot  
  114  7:50  Marine x3  
  114  7:51  Marine x2  
  119  7:53  Armory  
  118  8:00  Marine  
  118  8:01  Marauder  
  118  8:04  SCV x2  
  123  8:07  Marine  
  123  8:08  Marine x2  
  126  8:19  Widow Mine  
  128  8:23  Marauder  
  128  8:25  Marine  
  128  8:27  Marine x3  
  128  8:31  Widow Mine  
  128  8:32  Marine x2  
  133  8:34  SCV  
  133  8:37  Barracks, Marine x2  
  133  8:38  Barracks  
  133  8:39  Starport  
  136  8:43  Marine  
  136  8:44  Medivac, Marauder  
  136  8:45  Marine  
  141  8:49  Widow Mine  
  141  8:50  Medivac  
  141  8:51  Supply Depot x2  
  145  8:55  Terran Vehicle And Ship Armor Level 1  
  145  8:58  Command Center  
  145  8:59  SCV  
  145  9:01  Widow Mine, Marine  
  149  9:13  Marauder  
  149  9:14  Marine  
  149  9:15  Marine x3  
  143  9:18  Widow Mine  
  143  9:19  Marine  
  143  9:20  Medivac, Marine  
  143  9:23  SCV  
  149  9:25  Barracks Reactor, Refinery  
  149  9:29  Marine  
  149  9:31  Marine x2  
  150  9:34  Marauder, Medivac x2  
  150  9:37  Marine x2  
  153  9:39  SCV  
  153  9:42  SCV, Marine  
  153  9:44  Refinery  
  150  9:49  Marine  
  139  9:54  Barracks Reactor  
  139  9:55  Marauder  
  139  9:59  Marine  
  142  10:00  Marine x2  
  142  10:01  Fusion Core  
  142  10:03  Marine  
  141  10:17  Marauder  
  141  10:18  Marine x2  
  140  10:23  Marine x2  
  140  10:24  Marine  
  140  10:27  Marine  
  141  10:35  Marine x3  
Show
View Real Time Build Order
Export as new Build Order

NYK Zerg 

Build Orders: Hatch First 

Get SALT Encoding   

  12  0:01  Drone  
  13  0:12  Overlord  
  13  0:24  Drone  
  14  0:31  Drone x2  
  16  0:37  Drone  
  17  0:53  Hatchery  
  16  0:59  Drone  
  16  1:00  Drone  
  18  1:10  Extractor  
  17  1:14  Spawning Pool  
  16  1:21  Drone x2  
  18  1:30  Overlord  
  18  1:41  Drone  
  19  2:02  Zergling x4  
  19  2:03  Queen  
  19  2:04  Queen  
  19  2:06  Drone  
  26  2:11  Metabolic Boost  
  26  2:14  Zergling x2  
  27  2:17  Drone  
  29  2:22  Drone  
  28  2:38  Queen  
  28  2:40  Queen  
  32  2:48  Overlord  
  32  2:52  Drone  
  32  2:53  Drone x2  
  35  3:03  Overlord  
  35  3:09  Drone  
  35  3:10  Drone x2  
  38  3:16  Drone x4  
  38  3:17  Drone  
  43  3:34  Drone x2  
  43  3:37  Drone  
  43  3:38  Drone x2, Extractor  
  47  3:45  Hatchery  
  47  3:46  Overlord x2  
  46  3:49  Drone  
  46  3:50  Drone x2  
  46  3:54  Roach Warren  
  48  4:07  Overlord  
  48  4:08  Drone x4  
  50  4:20  Queen  
  50  4:21  Baneling Nest  
  50  4:23  Extractor  
  50  4:26  Queen  
  52  4:32  Zergling x2  
  52  4:33  Zergling x14  
  60  4:51  Drone x3  
  63  4:59  Lair  
  63  5:03  Extractor  
  63  5:05  Evolution Chamber x2  
  60  5:12  Zergling x10  
  65  5:14  Baneling  
  65  5:15  Baneling x4  
  66  5:21  Zergling x2  
  66  5:23  Baneling x2  
  66  5:25  Zergling x2  
  67  5:32  Overlord x4  
  67  5:37  Zerg Ground Armor Level 1, Zerg Melee Weapons Level 1  
  63  5:52  Queen  
  63  5:54  Overlord  
  63  5:55  Zergling x10  
  63  5:56  Zergling x2  
  71  5:58  Centrifical Hooks  
  71  6:09  Zergling x2  
  71  6:10  Zergling x12  
  78  6:12  Zergling x2  
  79  6:23  Baneling x6  
  79  6:26  Glial Reconstitution  
  79  6:28  Overlord  
  79  6:33  Drone  
  79  6:34  Drone x3  
  79  6:35  Drone  
  79  6:36  Drone  
  85  6:48  Overlord  
  85  6:55  Overlord  
  85  6:57  Roach  
  85  6:58  Roach x5  
  85  7:00  Overlord  
  84  7:24  Zergling x2  
  84  7:25  Zergling x16  
  91  7:33  Drone x5  
  95  7:44  Ravager x3  
  95  7:46  Ravager x3  
  100  7:58  Zergling x14  
  96  8:01  Baneling  
  96  8:02  Baneling x14  
  96  8:04  Overseer  
  100  8:09  Extractor  
  100  8:12  Extractor  
  98  8:13  Overseer  
  98  8:16  Zergling x16  
  104  8:31  Zergling x10  
  109  8:35  Baneling  
  109  8:36  Baneling x12  
  109  8:51  Hatchery  
  108  8:56  Baneling  
  108  8:57  Baneling x8  
  108  9:06  Zergling x2  
  108  9:07  Zergling x10  
  103  9:27  Zergling x2  
  103  9:28  Zergling x8  
  105  9:34  Drone  
  105  9:38  Hatchery  
  89  10:00  Zergling x14  
  81  10:15  Zergling x10  
  81  10:20  Zergling x2  
  74  10:30  Zergling x4  
  74  10:34  Baneling  
  74  10:35  Baneling x3  
  68  10:36  Baneling x2  
  68  10:37  Baneling x5  
  68  10:38  Baneling  
Tags
 
Add a new tag
Caveats
  • Supply blocks, unpowered buildings, or Contaminate may cause inaccurate times.
  • Supply counts are checked every 10 seconds.